 Dungeon Crawl Stone Soup version 0.22.1 (webtiles) character file.

280 JedernureinKreuz the Firebug (level 5, -2/40 HPs)
             Began as a Demigod Fire Elementalist on Sept 18, 2018.
             Slain by Pikel
             ... wielding a +2 whip of flaming
              (3 damage)
             ... on level 4 of the Dungeon.
             The game lasted 00:13:18 (2500 turns).

JedernureinKreuz the Firebug (DgFE)                 Turns: 2500, Time: 00:13:19

Health: -2/40      AC:  5    Str: 11    XL:     5   Next: 76%
Magic:  1/12       EV: 12    Int: 21    God:
Gold:   143        SH:  0    Dex: 16    Spells: 8/9 levels left

rFire    . . .     SeeInvis .   b - +2 hunting sling (freeze)
rCold    . . .     Gourm    .   (no shield)
rNeg     . . .     Faith    .   o - +0 leather armour {rPois}
rPois    +         Spirit   .   t - +1 helmet
rElec    .         Reflect  .   (no cloak)
rCorr    .         Harm     .   (no gloves)
MR       .....                  (no boots)
Stlth    ++........             (no amulet)
HPRegen  0.13/turn              (no ring)
MPRegen  0.13/turn              (no ring)

@: very slightly contaminated
A: high mp 1
a: no special abilities


You were on level 4 of the Dungeon.
You were not hungry.

You visited 1 branch of the dungeon, and saw 4 of its levels.

You collected 143 gold pieces.

Inventory:

Hand Weapons
 a - a +7 dagger of venom
 b - a +2 hunting sling of freezing (weapon)
 w - a +0 short sword
 y - a +0 quarterstaff
Missiles
 e - 34 bolts
 l - 19 poisoned needles
 p - 39 arrows
 r - 52 stones (quivered)
Armour
 d - a +0 robe
 o - a +0 leather armour of poison resistance (worn)
 t - a +1 helmet (worn)
Jewellery
 q - a cursed amulet of inaccuracy {unknown}
 u - an uncursed ring of protection from fire {unknown}
Wands
 B - a wand of iceblast (3)
Scrolls
 g - 2 scrolls of identify
 j - a scroll of remove curse
 n - a scroll of teleportation
Potions
 f - a potion of curing
 h - a potion of might
 i - a potion of heal wounds
 k - a potion of magic {unknown}
 m - 4 potions of flight {unknown}
 v - a potion of haste {unknown}
Comestibles
 c - 8 rations
 s - 2 chunks of flesh


   Skills:
 + Level 1.1 Fighting
 + Level 1.6 Short Blades
 + Level 0.4 Staves
 + Level 1.4(1.5) Slings
 + Level 0.2(0.9) Throwing
 + Level 2.4 Dodging
 + Level 2.3 Stealth
 + Level 2.8 Spellcasting
 + Level 2.0 Conjurations
 + Level 3.4 Fire Magic


You had 8 spell levels left.
You knew the following spells:

 Your Spells              Type           Power        Failure   Level  Hunger
a - Flame Tongue          Conj/Fire      ##...        6%          1    None

Your spell library contained the following spells:

 Spells                   Type           Power        Failure   Level  Hunger
 Throw Flame              Conj/Fire      ##....       9%          2    ##.....
 Conjure Flame            Conj/Fire      ##......     17%         3    ###....
 Inner Flame              Hex/Fire       ##......     26%         3    ###....
 Sticky Flame             Conj/Fire      ##......     50%         4    ####...
 Fireball                 Conj/Fire      ##........   85%         5    ######.


Dungeon Overview and Level Annotations

Branches:
Dungeon (4/15)             Temple (0/1) D:4

Annotations:
D:4 Pikel


Innate Abilities, Weirdness & Mutations

You have an increased reservoir of magic. (+10% MP)


Message History

Press: ? - help, Shift-Dir - straight line, f/p - Pikel
Aim: Pikel, wielding a whip of flaming and wearing a robe (almost dead)
The flame tongue misses Pikel.
Pikel hits you but does no damage.
Casting: Flame Tongue (safe; 6% risk of failure)
Confirm with . or Enter, or press ? or * to list all spells.
Aiming: Flame Tongue (safe; 6% risk of failure)
Press: ? - help, Shift-Dir - straight line, f/p - Pikel
Aim: Pikel, wielding a whip of flaming and wearing a robe (almost dead)
The flame tongue hits Pikel.
Pikel is almost dead.
Pikel misses you.
Casting: Flame Tongue (safe; 6% risk of failure)
Confirm with . or Enter, or press ? or * to list all spells.
Aiming: Flame Tongue (safe; 6% risk of failure)
Press: ? - help, Shift-Dir - straight line, f/p - Pikel
Aim: Pikel, wielding a whip of flaming and wearing a robe (almost dead)
The flame tongue hits Pikel.
Pikel is almost dead.
Pikel hits you with a whip of flaming.
You die...

*,* #....,,,* *,,,,*,* *,*
#....,,,* **.*,*,* **,***
#....,,,* *##.,,,,* ,,,,,*
#....,,,* *..,,,*** *,,*,*
#....,,,**#.#**** ,*,*,*
*,...,,,,,..# ***,,*
***#.####*..# ,*,*,* #.[.(##..#
,,,,,* #....K@..# *,****
####(##.##.## *,*****#..(.......#
*,,,,,,..####..####**************
******##,*###..# *,,,,,,,*,>,,,,
* #.*#....# *,*****,*,***** *
#.##.#.##***,*****,*,***** *
#......#*,,,,,,,,,,,,,,,** **
###...##*,**,**,**,*,**,,,


You could see Pikel.

Vanquished Creatures
  A slave (D:4)
  An ogre (D:4)
  An orc priest (D:3)
  Ijyb (D:4)
  Natasha (twice) (D:3)
  3 adders
  3 dart slugs
  A leopard gecko (D:3)
  3 orcs (D:3)
  6 bats
  4 giant cockroaches
  6 hobgoblins
  A quokka (D:3)
  4 frilled lizards
  7 goblins
  7 kobolds
  8 rats
59 creatures vanquished.

Notes
Turn   | Place    | Note
-------+----------+-------------------------------------------
     0 | D:1      | JedernureinKreuz the Demigod Fire Elementalist began the
                  | quest for the Orb.
     0 | D:1      | Reached XP level 1. HP: 14/14 MP: 5/5
   223 | D:1      | Reached skill level 1 in Conjurations
   223 | D:1      | Reached XP level 2. HP: 20/20 MP: 4/7
   452 | D:1      | Reached skill level 3 in Fire Magic
  1058 | D:2      | Reached XP level 3. HP: 16/26 MP: 2/8
  1341 | D:2      | Reached skill level 1 in Short Blades
  1521 | D:3      | Found a faded altar of an unknown god.
  1892 | D:3      | Noticed Natasha
  1899 | D:3      | Killed Natasha
  1899 | D:3      | Reached XP level 4. HP: 29/34 MP: 4/10
  2039 | D:3      | Noticed Natasha
  2043 | D:3      | Killed Natasha
  2043 | D:3      | Reached XP level 5. HP: 39/39 MP: 11/11
  2097 | D:4      | Noticed Ijyb
  2108 | D:4      | Killed Ijyb
  2108 | D:4      | Reached skill level 1 in Fighting
  2197 | D:4      | Noticed an ogre
  2206 | D:4      | Killed an ogre
  2206 | D:4      | Reached skill level 1 in Slings
  2455 | D:4      | Noticed a slave
  2473 | D:4      | Killed a slave
  2483 | D:4      | Noticed Pikel
  2497 | D:4      | HP: 2/40 [Pikel/whip of flaming (2)]
  2500 | D:4      | Slain by Pikel

Skill      XL: |  1  2  3  4  5 |
---------------+----------------+-----
Dodging        | 2 |  2.4
Spellcasting   | 2 |  2.8
Conjurations   | 1 2 |  2.0
Fire Magic     | 3 |  3.4
Short Blades   | 1 |  1.6
Stealth        | 2 |  2.3
Fighting       | 1 |  1.1
Slings         | 1 |  1.4
Staves         | |  0.4
Throwing       | |  0.2

Action                   |  1- 3 |  4- 6 || total
-------------------------+-------+-------++-------
Melee: Short sword       |    53 |       ||    53
       Unarmed           |     4 |       ||     4
       Quarterstaff      |     4 |     2 ||     6
       Dagger            |       |    13 ||    13
 Fire: Hunting sling     |     3 |    23 ||    26
Throw: Throwing net      |     2 |     1 ||     3
 Cast: Flame Tongue      |    52 |    22 ||    74
  Use: Scroll            |       |     7 ||     7
       Potion            |       |     3 ||     3
 Stab: Sleeping          |     4 |       ||     4
  Eat: Chunk             |     3 |     2 ||     5
Armor: Robe              |    14 |     5 ||    19
       Skin              |       |     2 ||     2
       Leather armour    |       |     1 ||     1
Dodge: Dodged            |    49 |    13 ||    62
